 Dungeon Crawl Stone Soup version 0.26-a0-597-gb535b0901c (webtiles) character file.

Game seed: 14680460637009827815

18939 Lanoc the Quickloader (level 12, -25/108 HPs)
             Began as a Green Draconian Hunter on Sept 8, 2020.
             Was a High Priest of Okawaru.
             Engulfed by an ice statue's freezing vapour (62 damage)
             ... in an ice cave.
             The game lasted 00:35:26 (10057 turns).

Lanoc the Quickloader (Green Draconian Hunter)     Turns: 10057, Time: 00:35:27

Health: -25/108    AC: 12    Str: 14    XL:     12   Next: 32%
Magic:  17/18      EV: 23    Int: 18    God:    Okawaru [*****.]
Gold:   683        SH:  0    Dex: 17    Spells: 11/11 levels left

rFire    . . .     SeeInvis +   b - +0 battleaxe (flame)
rCold    . . .     Faith    .   (shield currently unavailable)
rNeg     . . .     Spirit   .   (armour unavailable)
rPois    +         Reflect  .   y - +2 hat
rElec    .         Harm     .   e - +1 cloak
rCorr    .                      (no gloves)
MR       .....                  (no boots)
Stlth    +++.......             d - amulet of regeneration
HPRegen  0.68/turn              H - +6 ring of intelligence
MPRegen  0.16/turn              C - ring of see invisible

@: heroism, slowed, very slow
A: breathe noxious fumes, unfitting armour, poison resistance, cold-blooded, AC
+8
a: Breathe Noxious Fumes, Heroism, Finesse, Renounce Religion


You were in an ice cave.
You worshipped Okawaru.
Okawaru was extremely pleased with you.
You visited 2 branches of the dungeon, and saw 13 of its levels.
You also visited: Ossuary and Ice Cave.

You collected 727 gold pieces.
You spent 44 gold pieces at shops.

Inventory:

Hand Weapons
 a - a +2 hand crossbow
 b - a +0 battleaxe of flaming (weapon)
 h - a +2 dagger of speed
Missiles
 c - 70 bolts
 B - 14 curare-tipped darts (quivered)
 I - 2 throwing nets
Armour
 e - a +1 cloak (worn)
 y - a +2 hat (worn)
Jewellery
 d - an amulet of regeneration (around neck)
 C - a ring of see invisible (right hand)
 H - a +6 ring of intelligence (left hand)
Wands
 j - a wand of flame (48)
 k - a wand of acid (16)
Scrolls
 f - 4 scrolls of amnesia
 n - 2 scrolls of blinking
 r - 3 scrolls of immolation
 v - 2 scrolls of teleportation
 A - 4 scrolls of remove curse
 D - 3 scrolls of enchant weapon
 G - 2 scrolls of fog
Potions
 g - 6 potions of lignification
 i - 2 potions of curing
 l - 2 potions of haste
 o - 3 potions of invisibility
 q - a potion of ambrosia
 t - 2 potions of mutation
 w - 3 potions of flight
 x - a potion of magic
 z - a potion of berserk rage
 E - a potion of might
 F - 2 potions of brilliance


   Skills:
 + Level 10.7(15.7) Fighting
 * Level 12.7(17.7) Crossbows
 + Level 9.1(14.1) Dodging
 - Level 0.8(5.8) Stealth
 + Level 8.2 Invocations


You had 11 spell levels left.
You didn't know any spells.
Your spell library contained the following spells:

 Spells                   Type           Power        Failure   Level
 Animate Skeleton         Necr           #.....       22%         1
 Apportation              Tloc           #.....       22%         1
 Beastly Appendage        Tmut           #.....       22%         1
 Corona                   Hex            #......      22%         1
 Magic Dart               Conj           #...         22%         1
 Sandblast                Erth           #.....       22%         1
 Summon Small Mammal      Summ           #...         22%         1
 Blink                    Tloc           N/A          32%         2
 Call Imp                 Summ           #.......     32%         2
 Ensorcelled Hibernation  Hex/Ice        #.....       32%         2
 Passwall                 Tmut/Erth      #.......     32%         2
 Slow                     Hex            #.......     32%         2
 Wereblood                Tmut           #.......     32%         2
 Confusing Touch          Hex            #.......     54%         3
 Conjure Flame            Conj/Fire      #.......     54%         3
 Dazzling Flash           Conj/Hex       #.....       54%         3
 Lesser Beckoning         Tloc           #.........   54%         3
 Mephitic Cloud           Conj/Pois/Air  #.......     54%         3
 Spider Form              Tmut/Pois      #.........   54%         3
 Static Discharge         Conj/Air       #.......     54%         3
 Stone Arrow              Conj/Erth      #.....       54%         3
 Tukima's Dance           Hex            #.......     54%         3
 Ice Form                 Ice/Tmut       #.......     91%         4
 Petrify                  Tmut/Erth      #.......     91%         4
 Alistair's Intoxication  Tmut/Pois      #........    99%         5
 Blade Hands              Tmut           #.........   99%         5
 Lee's Rapid Deconstruct  Erth           #.........   99%         5
 Lightning Bolt           Conj/Air       #.........   99%         5
 Invisibility             Hex            #.......     100%        6
 Ignition                 Fire           #.........   100%        8
 Shatter                  Erth           #.........   100%        9
 Tornado                  Air            #.........   100%        9


Dungeon Overview and Level Annotations

Branches:
Dungeon (12/15)            Temple (1/1) D:7            Lair (0/6) D:8
    Orc (0/2) D:11        Ossuary (visited)           IceCv (1/1)

Altars:
Ashenzari
Cheibriados
Dithmenos
Elyvilon
Fedhas
Gozag
Hepliaklqana
Kikubaaqudgha
Makhleb
Nemelex Xobeh
Okawaru
Qazlal
Ru
Sif Muna
Trog
Uskayaw
Vehumet
Wu Jian
Xom
Yredelemnul
Zin
The Shining One

Shops:
D:6 *

Annotations:
D:9 3 runed translucent doors, 2 transporters, sinister's ghost, novice MiFi
D:10 2 transporters, Seggum's ghost, journeyman DsGl IceCv exclusion: 2 ice statues


Innate Abilities, Weirdness & Mutations

You can breathe blasts of noxious fumes.
Your lurid green scales are hard. (AC +8)
You cannot fit into any form of body armour.
Your system is resistant to poisons. (rPois)
You are cold-blooded and may be slowed by cold attacks.


Message History

The ice beast completely resists.
You hit the ice statue but do no damage.
The ice statue is severely damaged.
You barely miss the ice beast. You hit the ice beast.
You melt the ice beast.
You are engulfed in freezing vapours.
The ice beast hits you but does no damage.
The ice beast completely misses you.
The ice statue gestures.
The ice beast completely misses you.
You hit the ice statue but do no damage.
The ice statue is severely damaged.
You closely miss the ice beast. You barely miss the ice beast.
You are engulfed in freezing vapours.
You feel yourself slow down. The ice beast barely misses you. x2
You hit the ice statue but do no damage.
The ice statue is severely damaged.
You hit the ice beast.
You melt the ice beast.
You hit the ice beast.
You melt the ice beast.
You are engulfed in freezing vapours.
Ouch! That really hurt!
You die...

###........##
###...........##
##..............##
##................#
#.................#
#.......○......#
#.......○○○...#
#.Y...°Y@Y.#
##8#..○○#8##
####=.#### #..##
##..## ##..# ##...#
##...## #...##


You could see 2 ice statues and 3 ice beasts.

Vanquished Creatures
  Erolcha (D:9)
  Erica (D:10)
  5 two-headed ogres
  An unseen horror (D:12)
  2 ugly things (D:11)
  A manticore (D:12)
  A gargoyle (D:10)
  Maggie (D:6)
  A kobold demonologist (D:11)
  3 centaur skeletons
  A rime drake (IceCv)
  A hornet (D:8)
  5 hippogriffs
  A vampire (D:11)
  A wraith (D:11)
  12 yaks
  2 water elementals (D:12)
  2 wyverns
  A basilisk (D:11)
  2 vampire mosquitoes (D:12)
  An acid dragon (D:11)
  A soldier ant (D:10)
  A water moccasin (D:8)
  A hornet zombie (D:8)
  21 ice beasts
  A phantom (D:4)
  5 sky beasts
  8 orc warriors
  A black bear (D:9)
  An eye of draining (D:8)
  6 ogres
  2 centaurs
  2 big kobolds (D:7)
  4 bullfrogs
  A gnoll sergeant (D:8)
  A wyvern zombie (D:10)
  A scorpion (D:7)
  16 killer bees
  5 wights
  2 howler monkeys
  3 centaur zombies
  An electric eel (D:11)
  A quasit (D:12)
  3 human zombies (Ossuary)
  2 bullfrog zombies
  2 jellies (D:8)
  2 hounds
  3 orc priests (D:11)
  6 bullfrog skeletons
  6 iguanas
  Natasha (thrice) (D:3)
  12 orc wizards
  6 worker ants
  A hound zombie (D:9)
  3 hound skeletons
  4 mummies (Ossuary)
  7 gnolls
  A howler monkey skeleton (D:8)
  8 adders
  2 shadow imps
  3 white imps
  3 ufetubi
  An ooze (D:5)
  2 dart slugs
  4 leopard geckos
  52 orcs
  3 giant cockroaches
  2 goblins (D:3)
  3 hobgoblins
  6 jackals
  5 kobolds
  6 quokkas
  3 bats (D:3)
  4 frilled lizards
  2 goblin zombies (Ossuary)
  2 hobgoblin zombies (Ossuary)
  An orc zombie (D:5)
  A rat (D:3)
305 creatures vanquished.

Vanquished Creatures (others)
  A killer bee (D:10)
1 creature vanquished.

Grand Total: 306 creatures vanquished

Notes
Turn   | Place    | Note
-------+----------+-------------------------------------------
     0 | D:1      | Lanoc the Draconian Hunter began the quest for the Orb.
     0 | D:1      | Reached XP level 1. HP: 17/17 MP: 1/1
    65 | D:2      | Reached XP level 2. HP: 25/25 MP: 2/2
   196 | D:2      | Reached skill level 4 in Crossbows
   336 | D:3      | Reached XP level 3. HP: 25/30 MP: 3/3
   539 | D:3      | Noticed Natasha
   546 | D:3      | Killed Natasha
   595 | D:3      | Noticed Natasha
   603 | D:3      | Killed Natasha
   603 | D:3      | Reached XP level 4. HP: 29/38 MP: 4/4
   646 | D:3      | Reached XP level 5. HP: 15/45 MP: 5/5
   817 | D:3      | Noticed Natasha
   826 | D:3      | Killed Natasha
   984 | D:4      | Reached skill level 5 in Crossbows
  1033 | D:4      | Noticed a phantom
  1059 | D:4      | Killed a phantom
  1136 | D:4      | Reached XP level 6. HP: 47/52 MP: 6/6
  1730 | D:5      | Entered Level 5 of the Dungeon
  1844 | D:5      | Found a sand-covered staircase.
  1848 | D:5      | Noticed a hippogriff
  1867 | D:5      | HP: 2/52 [ogre/+0 giant club (16)]
  1874 | D:5      | Killed a hippogriff
  1874 | D:5      | Reached skill level 6 in Crossbows
  1874 | D:5      | Your scales start taking on a lurid green colour.
  1874 | D:5      | Reached XP level 7. HP: 8/60 MP: 7/7
  1874 | D:5      | Gained mutation: Your system is resistant to poisons.
                  | (rPois) [Green Draconian growth]
  1912 | Ossuary  | Entered an ossuary
  2132 | Ossuary  | Reached skill level 5 in Fighting
  2766 | D:6      | Noticed Maggie
  2785 | D:6      | Killed Maggie
  2785 | D:6      | Reached skill level 7 in Crossbows
  2785 | D:6      | Reached XP level 8. HP: 70/70 MP: 8/8
  2791 | D:6      | Found Jiqij's Assorted Antiques.
  2810 | D:6      | Bought a black potion for 22 gold pieces
  2810 | D:6      | Bought a grey potion for 22 gold pieces
  3234 | D:6      | Found a basalt altar of Yredelemnul.
  3240 | D:6      | Found an iron altar of Okawaru.
  3240 | D:6      | Found a shadowy altar of Dithmenos.
  3387 | D:6      | Reached skill level 5 in Dodging
  3800 | D:7      | Reached skill level 8 in Crossbows
  3969 | D:7      | Found a stormy altar of Qazlal.
  3988 | D:7      | Reached XP level 9. HP: 69/78 MP: 9/9
  4265 | D:7      | Found a staircase to the Ecumenical Temple.
  4282 | Temple   | Entered the Ecumenical Temple
  4529 | D:6      | Became a worshipper of Warmaster Okawaru
  4646 | D:8      | Noticed a two-headed ogre
  4804 | D:8      | Reached skill level 1 in Invocations
  4910 | D:8      | Reached skill level 9 in Crossbows
  4943 | D:8      | Found a staircase to the Lair.
  4987 | D:8      | Reached * piety under Okawaru
  5221 | D:8      | Noticed a two-headed ogre
  5247 | D:8      | Killed a two-headed ogre
  5247 | D:8      | Reached ** piety under Okawaru
  5470 | D:8      | Killed a two-headed ogre
  5470 | D:8      | Reached skill level 10 in Crossbows
  5470 | D:8      | Reached XP level 10. HP: 78/88 MP: 11/13
  5747 | D:9      | Noticed a two-headed ogre
  5792 | D:8      | Killed a two-headed ogre
  5792 | D:8      | Reached *** piety under Okawaru
  5828 | D:9      | Noticed sinister's ghost (novice MiFi)
  6062 | D:9      | Found a shimmering blue altar of Sif Muna.
  6206 | D:9      | Found a runed translucent gate.
  6206 | D:9      | Found a runed translucent gate.
  6206 | D:9      | Found a runed translucent gate.
  6297 | D:9      | Noticed a wolf spider
  6298 | D:9      | Found a shattered altar of Ashenzari.
  6298 | D:9      | Found a transporter.
  6298 | D:9      | Noticed a red ugly thing
  6305 | D:9      | Found a transporter.
  6337 | D:9      | Noticed Erolcha
  6346 | D:9      | Killed Erolcha
  6346 | D:9      | Reached skill level 5 in Invocations
  6476 | D:9      | Reached **** piety under Okawaru
  6523 | D:9      | Noticed a two-headed ogre
  6542 | D:9      | Killed a two-headed ogre
  6542 | D:9      | Reached skill level 11 in Crossbows
  6542 | D:9      | Reached XP level 11. HP: 75/97 MP: 15/15
  6742 | D:10     | Entered Level 10 of the Dungeon
  6837 | D:10     | Noticed Seggum's ghost (journeyman DsGl)
  6839 | D:10     | Found a transporter.
  6861 | D:10     | Found a transporter.
  6868 | D:10     | Noticed a flayed ghost
  6952 | D:10     | Noticed a skeletal warrior
  6957 | D:10     | Noticed a two-headed ogre
  6965 | D:10     | Killed a two-headed ogre
  6965 | D:10     | Received a gift from Okawaru
  7135 | D:10     | Noticed Erica
  7156 | D:10     | Killed Erica
  7526 | D:10     | Reached ***** piety under Okawaru
  7858 | D:11     | Noticed a cyan ugly thing
  7891 | D:11     | Killed a cyan ugly thing
  8090 | D:11     | Received a gift from Okawaru
  8207 | D:11     | Reached skill level 10 in Fighting
  8282 | D:11     | Reached skill level 12 in Crossbows
  8377 | D:11     | Noticed a white ugly thing
  8383 | D:11     | Killed a white ugly thing
  8383 | D:11     | Received a gift from Okawaru
  8928 | D:11     | Found a staircase to the Orcish Mines.
  9133 | D:12     | Received a gift from Okawaru
  9139 | D:12     | Noticed an unseen horror
  9152 | D:12     | Killed an unseen horror
  9163 | D:12     | Reached XP level 12. HP: 88/106 MP: 17/17
  9305 | D:12     | Found a frozen archway.
  9353 | D:12     | Reached ****** piety under Okawaru
  9429 | IceCv    | Entered an ice cave
  9493 | IceCv    | Received a gift from Okawaru
 10057 | IceCv    | Engulfed by an ice statue's freezing vapour

Illustrated notes

Levels and vault maps discovered:
D:1:      psy_arrival_dodecagon, layout_basic, moated_statue
D:2:      layout_basic
D:3:      layout_loops_ring, st_stairs_14, uniq_natasha
D:4:      layout_loops_ring
D:5:      layout_basic, enter_ossuary_3, grunt_decor_fettered,
          chequers_serial_rivers_micro_d
D:6:      layout_loops_cross, gammafunk_temple_overflow_forgotten, serial_shops,
          shop, uniq_maggie
D:7:      layout_basic, old_standard_altar, minmay_temple_entry_overgrown
D:8:      layout_loops_cross, dpeg_oklobed_lair, minmay_alternating_orb
D:9:      layout_long_grid, led_sif_book, gammafunk_temple_overflow_arena,
          serial_glass, glass_columns_a, glass_columns_a, glass_columns_b,
          gammafunk_ghost_icy, uniq_erolcha
D:10:     layout_roguey, gammafunk_ghost_arena,
          minmay_fractal_squares_gapless_7, uniq_erica
D:11:     layout_loops_ring, erik_orc_2, library_closet
D:12:     layout_basic, portal_ice_cave_entry_ice_beasts, minivault_27
Temple:   eino_temple_rhombus
IceCv:    ice_cave_small_dragons

Skill      XL: |  1  2  3  4  5  6  7  8  9 10 11 12 |
---------------+-------------------------------------+-----
Dodging        | 2 3 4 5 6 7 8 9 |  9.1
Crossbows      | 4 5 6 7 8 10 11 12 | 12.7
Fighting       | 3 4 5 6 8 9 10 | 10.7
Invocations    | 4 5 7 8 |  8.2
Stealth        | |  0.8

Action                   |  1- 3 |  4- 6 |  7- 9 | 10-12 || total
-------------------------+-------+-------+-------+-------++-------
Melee: Short sword       |    40 |       |       |       ||    40
       Tailslap          |    10 |    14 |    35 |    31 ||    90
       Dagger            |       |    80 |   182 |   126 ||   388
       Battleaxe         |       |       |       |    39 ||    39
 Fire: Hand crossbow     |    17 |    57 |   237 |   586 ||   897
Throw: Dart              |       |       |       |     3 ||     3
Invok: Heroism           |       |       |       |     4 ||     4
 Abil: Breathe Noxious F |       |       |    28 |    54 ||    82
  Use: Scroll            |       |     4 |     5 |    16 ||    25
       Potion            |       |     3 |       |     3 ||     6
 Stab: Sleeping          |     1 |     2 |     4 |       ||     7
       Confused          |       |       |     6 |    20 ||    26
       Distracted        |       |       |     1 |       ||     1
Armor: Skin              |    13 |    24 |    55 |   124 ||   216
Dodge: Dodged            |    48 |    60 |   164 |   450 ||   722

Table legend: (Time is in decaauts)
 A = Elapsed time spent in this place.
 B = Non-inter-level travel time spent in this place.
 C = Inter-level travel time spent in this place.
 D = Time resting spent in this place.
 E = Time spent auto-exploring this place.
 F = Levels seen in this place.
 G = Mean time per level.
                   A        B        C        D        E       F      G
               +--------+--------+--------+--------+--------+-----+--------+
         Total |  10018 |   9655 |    363 |    554 |   5968 |  15 |  667.9 |
       Dungeon |   8914 |   8570 |    344 |    212 |   5671 |  12 |  742.8 |
        Temple |    165 |    146 |     19 |      0 |    146 |   1 |  165.0 |
       Ossuary |    277 |    277 |      0 |      0 |    151 |   1 |  277.0 |
      Ice Cave |    660 |    660 |      0 |    342 |      0 |   1 |  660.0 |
               +--------+--------+--------+--------+--------+-----+--------+

Top non-repeatable levels by time:
    D:11: 1409 daAuts
     D:9: 1070 daAuts
     D:8: 1050 daAuts
     D:7: 1009 daAuts
     D:6: 850 daAuts
     D:4: 733 daAuts
    D:10: 729 daAuts
     D:5: 688 daAuts
     D:3: 672 daAuts
   IceCv: 660 daAuts
    D:12: 384 daAuts
 Ossuary: 277 daAuts
     D:2: 276 daAuts
  Temple: 165 daAuts
     D:1: 40 daAuts
